Map: Arctic Dream LE

Players

Nyck - Winner!

  • Race: Terran Terran
  • Spawn Location: 11:00

Ekelpack - Winner!

  • Race: Zerg Zerg
  • Spawn Location: 12:00

cat

  • Race: Protoss Protoss
  • Spawn Location: 6:00

DinoZerg

  • Race: Terran Terran
  • League: Diamond
  • Spawn Location: 5:00

VOD

Have the link to the VOD?

Description

Time

  • Played on: Sept. 27, 2020, 3:10 p.m.
  • Length: 12:35
Show
View Real Time Build Order
Export as new Build Order

Nyck Terran - Winner!

Build Orders: Command Center First 

Get SALT Encoding   

  12  0:01  SCV  
  13  0:13  SCV  
  14  0:17  Supply Depot  
  14  0:25  SCV  
  15  0:54  Command Center  
  15  1:00  SCV  
  16  1:10  Barracks  
  16  1:15  SCV  
  17  1:25  Barracks  
  17  1:32  SCV  
  18  1:40  Barracks  
  18  1:44  SCV  
  19  1:57  Marine  
  20  2:03  Supply Depot  
  20  2:07  Orbital Command  
  20  2:15  Marine  
  20  2:17  Marine  
  22  2:24  Orbital Command  
  22  2:32  Marine  
  23  2:42  SCV  
  23  2:43  Barracks  
  24  2:55  Marine x2  
  24  2:56  Marine  
  27  3:00  Refinery  
  27  3:03  Refinery  
  27  3:05  Refinery  
  27  3:08  Refinery  
  27  3:13  SCV, Marine x3  
  27  3:15  SCV  
  32  3:21  Engineering Bay  
  32  3:30  Marine  
  32  3:31  Marine x3  
  36  3:34  SCV  
  36  3:35  SCV  
  37  3:47  Marine  
  38  3:49  Marine x3  
  38  3:50  SCV  
  38  3:51  SCV  
  43  3:56  Engineering Bay  
  41  4:10  Marine x3  
  41  4:11  Marine  
  45  4:21  SCV  
  46  4:30  Barracks Tech Lab  
  46  4:34  SCV, Marine  
  46  4:36  Supply Depot  
  46  4:38  Terran Infantry Armor Level 1  
  48  4:46  SCV  
  48  4:48  Marine  
  48  4:50  Marauder  
  52  4:56  Combat Shield  
  52  4:58  SCV  
  52  5:10  SCV x2  
  53  5:17  Terran Infantry Weapons Level 1  
  53  5:22  SCV  
  53  5:24  Supply Depot  
  53  5:31  SCV  
  54  5:39  SCV  
  55  5:46  Supply Depot  
  42  6:07  Marine  
  42  6:08  Marine x2  
  42  6:09  Marauder  
  47  6:12  SCV x2  
  49  6:21  Factory  
  49  6:27  Stimpack  
  49  6:33  Barracks Reactor  
  49  6:34  Barracks Reactor x2  
  49  6:38  Marauder  
  51  6:49  SCV  
  52  6:58  Command Center  
  52  7:10  Marauder  
  54  7:16  Armory  
  54  7:19  SCV  
  54  7:21  SCV  
  56  7:25  Starport  
  56  7:27  Factory Tech Lab  
  56  7:30  Marine x6  
  56  7:31  SCV  
  56  7:33  Marauder  
  56  7:34  SCV  
  66  7:44  SCV  
  67  7:46  SCV  
  68  7:53  Siege Tank  
  68  7:54  Marauder  
  68  7:56  SCV  
  68  7:57  Marine  
  68  7:58  SCV, Marine x2  
  78  8:04  Marine x2  
  78  8:05  Marine  
  81  8:07  Concussive Shells  
  81  8:10  Supply Depot, SCV  
  81  8:11  Supply Depot, SCV  
  83  8:19  Marine x3, Marauder  
  88  8:22  Marine  
  88  8:26  Starport, Medivac  
  91  8:32  Marine x2  
  91  8:34  Supply Depot x2  
  93  8:35  Terran Infantry Weapons Level 2  
  93  8:37  Marine  
  93  8:39  Terran Infantry Armor Level 2  
  93  8:40  Marauder  
  96  8:53  Marine x4  
  96  8:54  Marine  
  101  8:56  Medivac  
  101  8:58  Supply Depot  
  101  9:00  Supply Depot  
  101  9:01  Terran Vehicle And Ship Armor Level 1  
  101  9:02  Marauder  
  105  9:04  Starport Tech Lab  
  108  9:22  Marine x5  
  108  9:23  Marine  
  116  9:24  Marauder  
  113  9:44  Fusion Core  
  115  9:45  SCV, Marauder  
  115  9:46  SCV  
  115  9:49  Orbital Command  
  117  9:57  Marine x3  
  117  9:58  SCV x2, Marine x2  
  117  9:59  Marine  
  127  10:07  Marauder  
  127  10:10  SCV  
  128  10:21  SCV  
  129  10:25  Refinery x2  
  129  10:29  Marine x4  
  129  10:30  Marine x2  
  129  10:31  Marauder  
  129  10:33  SCV  
  138  10:37  Starport  
  138  10:45  SCV  
  139  10:53  Marauder  
  141  10:57  SCV  
  141  11:02  Battlecruiser  
  148  11:08  Supply Depot  
  148  11:09  SCV  
  149  11:30  SCV, Battlecruiser  
  149  11:32  Supply Depot  
  154  11:42  SCV  
  155  12:05  SCV  
  155  12:06  SCV x2  
  158  12:09  Starport Tech Lab  
  164  12:17  SCV  
Show
View Real Time Build Order
Export as new Build Order

Ekelpack Zerg - Winner!

Build Orders: Hatch First 

Get SALT Encoding   

  12  0:00  Drone  
  13  0:13  Overlord  
  13  0:18  Drone  
  14  0:31  Drone x2  
  14  0:35  Drone  
  17  0:56  Hatchery, Drone  
  17  0:59  Extractor  
  17  1:04  Drone  
  17  1:15  Spawning Pool  
  17  1:18  Drone  
  17  1:21  Drone  
  18  1:28  Drone  
  19  1:40  Drone  
  20  1:50  Overlord  
  20  2:03  Queen  
  22  2:09  Queen  
  22  2:12  Drone x2  
  26  2:18  Drone  
  26  2:22  Extractor  
  26  2:24  Drone  
  26  2:28  Drone  
  28  2:34  Drone  
  29  2:37  Drone  
  30  2:46  Drone  
  30  2:51  Extractor x2  
  30  2:52  Queen  
  30  2:54  Overlord  
  30  2:57  Drone x2  
  33  3:02  Lair  
  33  3:05  Drone x2  
  35  3:15  Drone  
  36  3:39  Zergling x6  
  35  3:41  Drone  
  36  3:52  Overlord x2  
  36  4:05  Overlord  
  36  4:09  Queen  
  36  4:13  Drone x3  
  36  4:14  Drone, Spire  
  36  4:15  Drone x3  
  44  4:39  Drone  
  44  4:44  Zergling x2  
  45  4:49  Hatchery  
  45  4:50  Drone  
  45  5:09  Zergling x6  
  45  5:11  Overlord  
  48  5:24  Zergling x2  
  48  5:25  Zergling x6  
  48  5:26  Metabolic Boost  
  52  5:31  Mutalisk x5  
  52  5:32  Mutalisk x3  
  52  5:35  Queen  
  58  6:04  Extractor  
  58  6:06  Extractor  
  56  6:12  Zerg Flyer Weapons Level 1  
  56  6:19  Drone x6, Overlord  
  56  6:20  Drone x4, Overlord  
  66  6:55  Zergling x8  
  71  7:01  Drone x4  
  71  7:02  Drone x5  
  79  7:16  Drone x2  
  79  7:17  Drone  
  80  7:25  Mutalisk  
  80  7:28  Overlord x4  
  80  8:05  Queen  
  82  8:07  Mutalisk x7  
  82  8:08  Mutalisk x4  
  82  8:09  Queen  
  106  8:16  Queen  
  108  8:21  Hatchery  
  107  8:28  Hatchery  
  107  8:31  Mutalisk x3  
  107  8:32  Mutalisk  
  114  8:59  Overseer  
  114  9:03  Overlord x3  
  114  9:17  Overlord  
  114  9:21  Queen  
  116  9:34  Mutalisk x5  
  116  9:35  Mutalisk x5  
  116  9:37  Overlord  
  136  9:48  Overlord  
  136  9:58  Mutalisk x4  
  136  9:59  Overlord x2, Mutalisk x2  
  140  10:41  Overlord x2, Mutalisk x3  
  140  10:42  Mutalisk x6  
  158  10:59  Infestation Pit  
  153  11:25  Mutalisk  
  153  11:26  Mutalisk x6  
  153  11:27  Mutalisk x3  
  153  11:30  Zergling x12  
  153  11:31  Zergling x10  
  184  11:39  Zergling x4  
  186  11:47  Drone x3  
  183  12:13  Extractor  
  172  12:16  Extractor  
Show
View Real Time Build Order
Export as new Build Order

cat Protoss 

Build Orders:  

Get SALT Encoding   

  12  2:53  Pylon  
  12  3:32  Forge  
  12  3:38  Gateway  
  12  3:42  Gateway  
  12  3:52  Gateway  
  12  3:54  Gateway  
  12  3:59  Gateway  
  12  4:07  Pylon  
  12  4:16  Pylon  
  12  4:26  Probe  
  13  4:38  Probe  
  14  4:50  Probe  
  15  5:02  Probe  
  15  5:05  Cybernetics Core  
  16  5:08  Zealot x2  
  16  5:09  Zealot x2  
  16  5:10  Zealot  
  26  5:14  Probe  
  27  5:35  Zealot x2  
  29  5:36  Zealot x2  
  29  5:37  Zealot  
  37  6:02  Zealot  
  39  6:21  Pylon  
  39  6:24  Pylon  
  39  6:25  Pylon  
  39  6:26  Pylon  
  39  6:28  Pylon  
  39  6:30  Pylon  
  39  6:33  Pylon  
  39  6:34  Pylon  
  39  6:39  Zealot x4  
  46  6:41  Pylon  
  46  6:42  Zealot  
  43  7:00  Pylon  
  43  7:06  Zealot x4  
  51  7:09  Zealot  
  51  7:12  Pylon  
  53  7:33  Zealot, Probe  
  56  7:45  Probe  
  57  7:57  Probe  
  58  8:08  Assimilator  
  58  8:09  Probe  
  59  8:16  Assimilator  
  59  8:21  Probe  
  60  8:34  Probe  
  61  8:46  Probe  
  62  9:04  Probe  
  63  9:16  Probe  
  64  9:28  Probe  
  65  9:32  Warp Gate  
  65  9:40  Probe  
  65  9:42  Stalker  
  68  9:52  Probe  
Show
View Real Time Build Order
Export as new Build Order

DinoZerg Terran 

Build Orders:  

Get SALT Encoding   

  12  0:01  SCV  
  13  0:15  Supply Depot  
  13  0:38  Barracks  
  13  0:44  Barracks  
  13  0:53  Supply Depot  
  13  0:56  SCV  
  14  1:08  SCV  
  15  1:19  Barracks  
  15  1:33  Marine x2  
  17  1:51  Marine x2  
  19  2:07  Marine  
  20  2:09  Marine x2  
  22  2:25  Marine  
  22  2:27  Marine x2  
  25  2:43  Marine  
  26  2:44  Marine x2  
  26  2:50  SCV  
  29  3:01  Marine  
  29  3:02  Marine  
  31  3:06  Barracks  
  31  3:08  Barracks  
  31  3:15  Supply Depot  
  31  3:36  Marine x3  
  26  3:53  Marine  
  26  3:54  Marine x3  
  30  3:57  Marine  
  30  4:12  Marine x3  
  33  4:29  Marine  
  33  4:30  Marine x2  
  36  4:35  Command Center  
  36  4:46  Marine x2  
  36  4:47  Marine  
  39  4:53  Supply Depot  
  39  5:06  Marine  
  39  5:11  Marine  
  39  5:14  Marine x3  
  42  5:29  Marine  
  33  6:02  Marine  
  33  6:03  Marine x4  
  27  6:08  SCV  
  28  6:17  Supply Depot  
  28  6:20  Marine  
  28  6:21  Marine x4  
  30  6:38  Marine x5  
  35  6:56  Marine x5  
  40  7:14  Marine x5  
  43  7:21  SCV  
  37  7:33  SCV  
  38  7:46  SCV  
  39  7:58  SCV  
  39  8:02  Marine  
  39  8:03  Marine x4  
  44  8:08  Engineering Bay  
  44  8:10  SCV  
  45  8:20  Marine  
  45  8:21  Marine x4  
  45  8:22  SCV  
  51  8:34  SCV  
  51  8:38  Marine  
  51  8:39  Marine  
  54  8:46  SCV  
  55  9:07  Missile Turret x2  
  55  9:09  Missile Turret  
  55  9:10  Missile Turret  
  55  9:14  Missile Turret  
  55  9:15  Missile Turret  
  46  9:38  Missile Turret  
  46  9:39  Missile Turret  
  46  9:41  Marine x2  
  48  9:46  Marine  
  49  10:01  SCV  
  50  10:13  SCV  
  34  10:40  Missile Turret x2  
  34  10:41  Missile Turret  
  34  11:06  Missile Turret  
Tags
 
Add a new tag
Caveats
  • Supply blocks, unpowered buildings, or Contaminate may cause inaccurate times.
  • Supply counts are checked every 10 seconds.